 Dungeon Crawl Stone Soup version 0.19.4-10-g532645f (webtiles) character file.

2921 Morrissey the Carver (level 9, -6/79 HPs)
             Began as a Minotaur Abyssal Knight on Feb 23, 2017.
             Was an Elder of Lugonu.
             Mangled by an orc warrior
             ... wielding a +0 hand axe
              (9 damage)
             ... on level 8 of the Dungeon.
             The game lasted 00:14:38 (8686 turns).

Morrissey the Carver (Minotaur Abyssal Knight)      Turns: 8686, Time: 00:14:38

Health: -6/79      AC: 14    Str: 16    XL:     9   Next: 50%
Magic:  12/12      EV: 10    Int: 14    God:    Lugonu [****..]
Gold:   376        SH:  0    Dex: 14    Spells: 0 memorised, 8 levels left

rFire  . . .     SeeInvis +     a - +1 falchion
rCold  . . .     Gourm    .     v - +0 chain mail
rNeg   + . .     Faith    .     (no shield)
rPois  .         Spirit   .     (helmet unavailable)
rElec  .         Reflect  .     (no cloak)
rCorr  .         Harm     .     h - +2 pair of gloves
MR     .....                    A - +0 pair of boots
Stlth  ..........               (no amulet)
                                w - ring of positive energy
                                x - ring of see invisible

@: brilliant, flying
A: retaliatory headbutt, horns 3, evolution 1
a: Depart the Abyss, Bend Space, Banish, Corrupt, Renounce Religion


You were on level 8 of the Dungeon.
You worshipped Lugonu.
Lugonu was greatly pleased with you.
You were very hungry.

You visited 1 branch of the dungeon, and saw 8 of its levels.
You visited the Abyss 1 time.

You collected 439 gold pieces.
You spent 63 gold pieces at shops.

Inventory:

Hand Weapons
 a - a +1 falchion (weapon)
Armour
 h - a +2 pair of gloves (worn)
 v - a +0 chain mail (worn)
 A - a +0 pair of boots (worn)
Jewellery
 w - a ring of positive energy (right hand)
 x - a ring of see invisible (left hand)
Wands
 m - a wand of iceblast (0/15)
 z - a wand of acid (0/15)
 E - a wand of paralysis (8/24)
Scrolls
 f - 2 scrolls of teleportation
 g - 5 scrolls of remove curse {unknown}
 i - 6 scrolls of identify {unknown}
 j - a scroll of magic mapping {unknown}
 n - 2 scrolls of random uselessness {unknown}
 o - 3 scrolls of recharging {unknown}
 y - a scroll of enchant armour {unknown}
 B - a scroll of fog {unknown}
 C - a scroll of immolation {unknown}
Potions
 d - 2 potions of flight
 e - a potion of invisibility {unknown}
 k - a potion of mutation
 l - a potion of brilliance
 p - a potion of lignification {unknown}
 r - a potion of berserk rage {unknown}
 t - a potion of haste {unknown}
 u - 2 potions of curing {unknown}
Books
 q - a book of Changes

   Spells                             Type                      Level
   a - Beastly Appendage              Transmutation                1
   b - Sticks to Snakes               Transmutation                2
   c - Spider Form                    Transmutation/Poison         3
   d - Ice Form                       Ice/Transmutation            4
   e - Blade Hands                    Transmutation                5
Comestibles
 c - 3 bread rations
 s - a meat ration


   Skills:
 + Level 7.2 Fighting
 * Level 9.6 Long Blades
 + Level 6.3 Armour
 + Level 6.5 Dodging
 + Level 5.3 Invocations


You had 8 spell levels left.
You didn't know any spells.

Dungeon Overview and Level Annotations

Branches:
Dungeon (8/15)             Temple (0/1) D:5
   Lair: D:8-11

Altars:
Cheibriados
Fedhas
Uskayaw
Zin

Shops:
D:6 [


Innate Abilities, Weirdness & Mutations

You reflexively headbutt those who attack you in melee.
You have a pair of large horns on your head.
You evolve.


Message History

* * * LOW HITPOINT WARNING * * *
It was a potion of flight.
You feel very buoyant.
You fly up into the air.
The orc warrior hits you but does no damage.
The orc priest closely misses you.
You riposte.
You hit the orc priest. Your headbutt misses the orc priest.
The orc priest is heavily wounded.
Space bends around you!
You blink.
* * * LOW HITPOINT WARNING * * *
The orc priest calls down the wrath of Beogh upon you.
Beogh smites you!
* * * LOW HITPOINT WARNING * * *
It was a potion of mutation.
You feel extremely strange.
You feel nature experimenting on you.
Don't worry, failures die fast.
The horns on your head grow some more.
It was a potion of brilliance.
You feel clever all of a sudden.
The orc warrior hits you with a hand axe!
You die...

#.# #######.##### #.#
............. # #.#
.######.##### #.#.#
...#.#....
###.#.#####.#.##.#.#....
#.......................
###.#..####.#.##.#.#<...
#.#..#### #.#.####. #
#..@o.# # #......
##.##o# ....... #.##.#
######## #.##.#
.######+##o#
...........#
...........#
...........#
......)).......


You could see an orc warrior and an orc priest.

Vanquished Creatures
  2 hungry ghosts (D:7)
  Duvessa (D:4)
  An orc warrior (D:7)
  2 sky beasts
  A phantom (D:7)
  The ghost of Maelstr0m the Shield-Bearer, an amateur FoFi (D:3)
  A necrophage (D:6)
  3 ogres
  2 centaurs (D:7)
  Blork the orc (D:5)
  2 bullfrogs
  Dowan (D:4)
  5 scorpions
  A howler monkey (D:4)
  3 crimson imps
  A bullfrog skeleton (D:5)
  3 bullfrog zombies
  A jelly (D:7)
  3 orc priests
  A hound (D:6)
  2 iguanas
  8 orc wizards
  A centaur skeleton (D:6)
  Ijyb (D:3)
  3 worker ants
  Robin (D:3)
  A worker ant zombie (D:6)
  13 adders
  3 gnolls (D:4)
  A shadow imp (D:5)
  An adder skeleton (D:4)
  2 worms
  A dart slug (D:1)
  4 leopard geckos
  20 orcs
  8 bats
  3 giant cockroaches
  20 goblins
  8 hobgoblins
  5 jackals (D:1)
  4 quokkas
  A ball python (D:3)
  2 frilled lizards
  A jackal skeleton (D:6)
  6 kobolds
  8 rats
164 creatures vanquished.

Notes
Turn   | Place    | Note
-------+----------+-------------------------------------------
     0 | Abyss:1  | Morrissey the Minotaur Abyssal Knight began the quest for the Orb.
     0 | Abyss:1  | Reached XP level 1. HP: 19/19 MP: 1/1
    47 | Abyss:1  | Found a hide-covered altar of Uskayaw.
    97 | Abyss:1  | Noticed a tentacled starspawn
    98 | D:1      | Escaped the Abyss
   118 | D:1      | Reached skill level 3 in Long Blades
   118 | D:1      | Reached XP level 2. HP: 24/27 MP: 2/2
   164 | D:1      | Reached * piety under Lugonu
   557 | D:1      | Reached XP level 3. HP: 33/33 MP: 3/3
  1231 | D:2      | Reached XP level 4. HP: 20/40 MP: 4/4
  1932 | D:2      | Reached ** piety under Lugonu
  1973 | D:2      | Found a snail-covered altar of Cheibriados.
  2319 | D:3      | Reached skill level 4 in Long Blades
  2319 | D:3      | Reached XP level 5. HP: 22/47 MP: 5/5
  2465 | D:3      | Noticed Maelstr0m's ghost (amateur FoFi)
  2512 | D:3      | HP: 2/47 [spatial distortion (1)]
  3031 | D:3      | Noticed Robin
  3075 | D:3      | Killed Robin
  3086 | D:3      | Killed Maelstr0m's ghost
  3086 | D:3      | Reached XP level 6. HP: 16/53 MP: 6/6
  3532 | D:3      | Noticed Ijyb
  3538 | D:3      | Killed Ijyb
  3577 | D:3      | Reached skill level 5 in Long Blades
  3731 | D:3      | Found a hide-covered altar of Uskayaw.
  3780 | D:4      | Reached skill level 5 in Fighting
  4136 | D:4      | Reached XP level 7. HP: 61/61 MP: 8/8
  4202 | D:4      | Reached skill level 6 in Long Blades
  4572 | D:4      | Reached *** piety under Lugonu
  4587 | D:4      | Noticed Duvessa
  4588 | D:4      | Noticed Dowan
  4597 | D:4      | Killed Duvessa
  4620 | D:4      | Killed Dowan
  5216 | D:5      | Entered Level 5 of the Dungeon
  5394 | D:4      | Reached XP level 8. HP: 35/70 MP: 9/9
  5582 | D:5      | Reached skill level 7 in Long Blades
  5782 | D:5      | Noticed Blork the orc
  5791 | D:5      | Killed Blork the orc
  6047 | D:5      | Found a staircase to the Ecumenical Temple.
  6066 | D:5      | Reached skill level 5 in Armour
  6066 | D:5      | Reached skill level 5 in Dodging
  6564 | D:6      | Found Giulu's Armour Shop.
  6890 | D:6      | Reached skill level 8 in Long Blades
  6903 | D:6      | Bought a +0 pair of boots for 63 gold pieces
  7517 | D:7      | Reached XP level 9. HP: 61/78 MP: 11/11
  7681 | D:7      | Reached skill level 9 in Long Blades
  7689 | D:7      | Reached skill level 5 in Invocations
  8339 | D:7      | Reached **** piety under Lugonu
  8443 | D:7      | Found a blossoming altar of Fedhas.
  8444 | D:7      | Found a glowing silver altar of Zin.
  8683 | D:8      | HP: 2/79 [orc priest/divine providence (10)]
  8685 | D:8      | Gained mutation: You evolve. [potion of mutation]
  8685 | D:8      | Gained mutation: You have a pair of large horns on your head. [potion of mutation]
  8686 | D:8      | Mangled by an orc warrior

Skill      XL: |  1  2  3  4  5  6  7  8  9 |
---------------+----------------------------+-----
Long Blades    | 3 4 5 6 8 9 |  9.6
Dodging        | 2 3 4 5 6 |  6.5
Fighting       | 4 5 6 7 |  7.2
Invocations    | 2 3 4 5 |  5.3
Armour         | 3 4 5 6 |  6.3

Action                   |  1- 3 |  4- 6 |  7- 9 || total
-------------------------+-------+-------+-------++-------
Melee: Falchion          |    73 |   149 |   355 ||   577
       Headbutt          |     8 |    31 |    81 ||   120
Invok: Depart the Abyss  |     1 |       |       ||     1
       Bend Space        |       |     3 |     8 ||    11
Evoke: Wand              |       |     2 |     2 ||     4
  Use: Scroll            |     1 |       |       ||     1
       Potion            |       |       |     3 ||     3
  Eat: Chunk             |     1 |     9 |    12 ||    22
       Fruit             |       |       |     3 ||     3
       Meat ration       |       |       |     1 ||     1
       Beef jerky        |       |       |     2 ||     2
Armor: Leather armour    |    19 |    20 |       ||    39
       Ring mail         |       |    12 |    20 ||    32
       Chain mail        |       |       |   164 ||   164
Dodge: Dodged            |    53 |   102 |   132 ||   287
       Rpst.: Falchion   |    13 |    28 |    36 ||    77
